 Dungeon Crawl Stone Soup version 0.25-a0-697-g890751e744 (webtiles) character file.

Game seed: 2862787199728359289, levelgen mode: deterministic

1480 xx67 the Grappler (level 8, -1/64 HPs)
             Began as a Ghoul Monk on Apr 1, 2020.
             Was a Believer of Wu Jian.
             Slain by Duvessa
             ... wielding a +0 short sword
              (2 damage)
             ... on level 5 of the Dungeon.
             The game lasted 00:24:45 (4686 turns).

xx67 the Grappler (Ghoul Monk)                      Turns: 4686, Time: 00:24:45

Health: -1/64      AC:  8    Str: 15    XL:     8   Next: 79%
Magic:  7/7        EV:  7    Int:  5    God:    Wu Jian [**....]
Gold:   203        SH:  5    Dex: 13    Spells: 7/7 levels left

rFire    . . .     SeeInvis .     - Unarmed
rCold    + . .     Gourm    .   p - +0 buckler
rNeg     + + +     Faith    .   y - +0 chain mail
rPois    ∞         Spirit   .   (no helmet)
rElec    .         Reflect  .   (no cloak)
rCorr    .         Harm     .   (no gloves)
MR       .....                  (no boots)
Stlth    ..........             (no amulet)
HPRegen  0.00/turn              (no ring)
MPRegen  0.10/turn              (no ring)

@: rotting
A: rotting body, claws 1, carnivore, cold resistance 1, negative energy
resistance 3, inhibited regeneration, torment resistance, unbreathing
a: Wall Jump, Renounce Religion


You were on level 5 of the Dungeon.
You worshipped Wu Jian.
Wu Jian was pleased with you.
You were not hungry.

You visited 2 branches of the dungeon, and saw 8 of its levels.
You also visited: Sewer.

You collected 203 gold pieces.

Inventory:

Missiles
 c - 164 stones
 g - 21 poisoned darts
 h - 9 boomerangs (quivered)
 B - a throwing net
Armour
 l - a +0 pair of gloves
 p - a +0 buckler (worn)
 y - a +0 chain mail (worn)
Jewellery
 a - a +1 ring of slaying
Wands
 e - a wand of paralysis (7)
 m - a wand of scattershot (2)
 o - a wand of iceblast (2)
Scrolls
 j - a scroll of enchant armour
 n - 2 scrolls of remove curse
 q - a scroll of brand weapon
 t - 3 scrolls of magic mapping
Potions
 d - 2 potions of resistance
 k - 2 potions of brilliance
 r - 2 potions of stabbing
 u - 3 potions of flight
 w - a potion of curing
 x - a potion of might
Comestibles
 b - 11 rations
 v - 7 chunks of flesh


   Skills:
 - Level 3.6 Fighting
 - Level 2.7 Armour
 - Level 3.0 Dodging
 - Level 2.3 Stealth
 - Level 4.4 Shields
 + Level 9.8 Unarmed Combat


You had 7 spell levels left.
You didn't know any spells.
Your spell library was empty.

Dungeon Overview and Level Annotations

Branches:
Dungeon (7/15)             Temple (1/1) D:6           Sewer (visited)

Altars:
Ashenzari
Cheibriados
Dithmenos
Elyvilon
Fedhas
Gozag
Hepliaklqana
Kikubaaqudgha
Makhleb
Nemelex Xobeh
Okawaru
Qazlal
Ru
Sif Muna
Trog
Uskayaw
Vehumet
Wu Jian
Xom
Yredelemnul
Zin
The Shining One

Annotations:
D:3 exclusion: centaur
D:5 Duvessa, Edmund


Innate Abilities, Weirdness & Mutations

Your body is rotting away.
You thrive on raw meat.
You are immune to poison.
You have sharp fingernails.
You are carnivorous and can eat meat at any time.
Your flesh is cold resistant. (rC+)
You are immune to negative energy. (rN+++)
You do not regenerate when monsters are visible.
You are immune to unholy pain and torment.
You can survive without breathing.


Message History

Okay, then.
You feel better.
You are no longer glowing.
Duvessa hits you with a +0 short sword!
* * * LOW HITPOINT WARNING * * *
You block Duvessa's attack.
You feel better. You block Duvessa's attack.
You scratch Duvessa.
Duvessa is heavily wounded.
Duvessa hits you but does no damage.
You scratch Duvessa but do no damage.
Duvessa is heavily wounded.
Duvessa hits you with a +0 short sword.
* * * LOW HITPOINT WARNING * * *
You scratch Duvessa but do no damage.
Duvessa is heavily wounded.
Duvessa is no longer berserk.
Duvessa hits you with a +0 short sword.
* * * LOW HITPOINT WARNING * * *
Duvessa hits you with a +0 short sword.
You die...

#....####.#.#
#.##.####.#.####.#
(.(..>.@.........#
#.##.............#
#.#######.#.###.##
..#######.#.# #.
#.........#..##. #
###########.(..e###.#
..###@...# ..# #.####
#.# #.# #.# #.# #.#
#.# #.# #.# ##.###.#
#####...##.#
#..........#


You could see Duvessa.

Vanquished Creatures
  Eustachio (D:4)
  2 ogres
  A phantom (D:6)
  A sky beast (D:6)
  2 centaurs
  A big kobold (Sewer)
  A bullfrog (D:5)
  Dowan (D:5)
  2 killer bees (D:6)
  A wight (D:3)
  A crimson imp (Temple)
  A hound (D:4)
  A jelly (D:5)
  2 orc wizards
  2 bullfrog skeletons (D:6)
  2 orc priests (D:6)
  2 worker ants
  6 adders
  2 gnolls (D:4)
  A shadow imp (D:6)
  3 oozes
  4 worms
  A dart slug (D:1)
  A leopard gecko (D:1)
  17 orcs
  4 ball pythons
  4 giant cockroaches
  8 goblins
  6 hobgoblins
  12 jackals
  3 quokkas
  7 bats
  A frilled lizard (D:5)
  10 kobolds
  2 leopard gecko zombies (D:6)
  17 rats
133 creatures vanquished.

Notes
Turn   | Place    | Note
-------+----------+-------------------------------------------
     0 | D:1      | xx67 the Ghoul Monk began the quest for the Orb.
     0 | D:1      | Reached XP level 1. HP: 19/19 MP: 0/0
    72 | D:1      | Reached XP level 2. HP: 10/26 MP: 1/1
   292 | D:1      | Reached XP level 3. HP: 30/31 MP: 2/2
   412 | D:1      | Reached skill level 4 in Unarmed Combat
  1047 | D:2      | Reached XP level 4. HP: 39/39 MP: 3/3
  1179 | D:2      | Found a faded altar of an unknown god,
  1454 | D:3      | Reached skill level 1 in Shields
  1740 | D:3      | Noticed a centaur
  1861 | D:3      | Reached XP level 5. HP: 43/45 MP: 4/4
  2049 | D:4      | Found a glowing drain,
  2083 | Sewer    | Entered a sewer
  2151 | Sewer    | Noticed a big kobold
  2188 | Sewer    | Killed a big kobold
  2188 | Sewer    | Reached XP level 6. HP: 41/51 MP: 5/5
  2222 | Sewer    | Found a white marble altar of Elyvilon,
  2519 | D:4      | Noticed Eustachio
  2557 | D:4      | Killed Eustachio
  2557 | D:4      | Reached skill level 5 in Unarmed Combat
  2885 | D:3      | Reached XP level 7. HP: 36/56 MP: 6/6
  3168 | D:4      | Reached skill level 6 in Unarmed Combat
  3176 | D:5      | Entered Level 5 of the Dungeon
  3221 | D:5      | Reached skill level 1 in Armour
  3245 | D:5      | Noticed Edmund
  3329 | D:6      | Found a staircase to the Ecumenical Temple,
  3444 | D:6      | Reached skill level 7 in Unarmed Combat
  3471 | D:6      | Reached XP level 8. HP: 56/64 MP: 7/7
  3514 | Temple   | Entered the Ecumenical Temple
  3792 | Temple   | Became a worshipper of the Wu Jian Council
  3792 | Temple   | Reached * piety under Wu Jian
  3792 | Temple   | Reached ** piety under Wu Jian
  3829 | D:6      | Found a white marble altar of Elyvilon,
  3974 | Temple   | HP: 1/63 [ogre/+0 giant club (17)]
  3985 | Temple   | Reached skill level 8 in Unarmed Combat
  4177 | D:6      | Reached skill level 9 in Unarmed Combat
  4409 | D:6      | Found a stormy altar of Qazlal,
  4646 | D:5      | Noticed Dowan
  4652 | D:5      | Killed Dowan
  4667 | D:5      | Noticed Duvessa
  4680 | D:5      | HP: 3/64 [Duvessa/+0 short sword (9)]
  4685 | D:5      | HP: 2/64 [Duvessa/+0 short sword (6)]
  4686 | D:5      | Slain by Duvessa

Levels and vault maps discovered:
D:1:      dpeg_arrival_three_same_balls, layout_loops_cross
D:2:      layout_basic, chequers_ecumenical_altar_island
D:3:      layout_basic
D:4:      layout_layer_cave, cheibrodos_sewer_entry_bend, trog_butcher_becter,
          uniq_eustachio
D:5:      layout_loops_ring, first_ration, minmay_increasing_density, uniq_ijyb,
          uniq_duvessa, uniq_edmund
D:6:      layout_loops_ring, nicolae_qazlal_eye_of_the_storm,
          minmay_temple_entry_glass, minmay_statues_item,
          minmay_misc_feat_diagonals, elyvilon_altar_5
D:7:      layout_gridville, serial_shops, kennysheep_little_box,
          hangedman_glass_teeth, uniq_harold
Temple:   regret_index_temple_sigil_plot

Skill      XL: |  1  2  3  4  5  6  7  8 |
---------------+-------------------------+-----
Dodging        | 3 |  3.0
Unarmed Combat | 4 5 7 9 |  9.8
Shields        | 2 3 4 |  4.4
Armour         | 2 |  2.7
Fighting       | |  3.6
Stealth        | |  2.3

Action                   |  1- 3 |  4- 6 |  7- 9 || total
-------------------------+-------+-------+-------++-------
Melee: Unarmed           |   128 |   225 |   232 ||   585
       Punch             |     2 |       |       ||     2
Invok: Whirlwind         |       |       |     6 ||     6
       Lunge             |       |       |     5 ||     5
Evoke: Wand              |       |     3 |     1 ||     4
  Use: Scroll            |       |    10 |     8 ||    18
       Potion            |       |     2 |     4 ||     6
 Stab: Paralysed         |       |       |     6 ||     6
       Invisible         |       |       |     3 ||     3
  Eat: Chunk             |    11 |     8 |    23 ||    42
Armor: Robe              |    14 |       |       ||    14
       Ring mail         |    21 |    56 |       ||    77
       Chain mail        |       |       |   109 ||   109
Dodge: Dodged            |    93 |   109 |    61 ||   263
Block: Buckler           |       |    35 |    52 ||    87

Table legend:
 A = Non-vault XP
 B = Vault XP
 C = Vault XP percentage of total XP
 D = Non-vault monster count
 E = Vault monster count
 F = Vault count percentage of total count
                 A         B        C        D         E       F
            +---------+---------+-------+---------+---------+-------
      Total |    1722 |     393 |  18.6 |     117 |      16 |  12.0
            +---------+---------+-------+---------+---------+-------
        D:1 |      70 |       0 |   0.0 |      28 |       0 |   0.0
        D:2 |      33 |       0 |   0.0 |      14 |       0 |   0.0
        D:3 |     130 |       0 |   0.0 |      21 |       0 |   0.0
        D:4 |     135 |     209 |  60.8 |      17 |       4 |  19.0
        D:5 |     259 |      67 |  20.6 |       6 |       1 |  14.3
        D:6 |     882 |       0 |   0.0 |      27 |       0 |   0.0
     Temple |     213 |       0 |   0.0 |       4 |       0 |   0.0
      Sewer |       0 |     117 | 100.0 |       0 |      11 | 100.0
            +---------+---------+-------+---------+---------+-------
